 Dungeon Sprint DCSS version 0.18.1-50-g88ac8fd (webtiles) character file.

7098 Jebus the Severer (level 11, -14/92 HPs)
             Began as a Formicid Fighter on Sept 18, 2016.
             Was the Champion of the Shining One.
             Demolished by an Orb Guardian (29 damage)
             ... in the Dungeon (Sprint V: "Ziggurat Sprint") on Sept 19, 2016.
             The game lasted 00:06:49 (1512 turns).

Jebus the Severer (Formicid Fighter)                Turns: 1512, Time: 00:06:50

Health: -14/92     AC: 20    Str: 38    XL:     11   Next: 30%
Magic:  0/15       EV: 10    Int:  7    God:    the Shining One [******]
Gold:   0          SH:  9    Dex:  8    Spells: 0 memorised, 10 levels left

rFire  + + .     SeeInvis +     c - +5 executioner's axe
rCold  x . .     Gourm    .     J - +5 fire dragon armour
rNeg   + + +     Faith    .     b - +3 buckler
rPois  .         Spirit   .     (helmet unavailable)
rElec  .         Dismiss  .     (no cloak)
rCorr  .         Reflect  .     t - +2 pair of gloves {Str+3}
SustAt .         Harm     .     (no boots)
MR     +....                    (no amulet)
Stlth  ..........               E - +6 ring of strength
                                D - +6 ring of strength

@: glowing, studying Armour, somewhat resistant to hostile enchantments,
extremely unstealthy
A: permanent stasis, dig shafts and tunnels, four strong arms, antennae 3,
clumsy 1, dopey 1
a: Dig, Divine Shield, Cleansing Flame, Summon Divine Warrior, Brand Weapon With
Holy Wrath, Renounce Religion


You were in the Dungeon.
You worshipped the Shining One.
The Shining One was exalted by your worship.
You were not hungry.

You visited 1 branch

Inventory:

Hand Weapons
 c - a +5 executioner's axe (weapon)
Armour
 b - a +3 buckler (worn)
 t - a +2 pair of gloves of strength (worn)
 J - a +5 fire dragon armour (worn)
Rods
 M - a +3 lightning rod (11/11)
   (You found it in the Dungeon)
 P - a +0 rod of ignition (13/13)
   (You took it off an anubis guard in the Dungeon)
Jewellery
 a - the ring of Heniciarchu {rN+ Str+4 Int+4 Dex+2 SInv}
   (You found it in the Dungeon)

   [ring of dexterity]

   It affects your strength (+4).
   It affects your intelligence (+4).
   It affects your dexterity (+2).
   It protects you from negative energy.
   It lets you see invisible.
 e - an uncursed ring of wizardry
 y - a +6 ring of dexterity
 A - a +6 ring of dexterity
 B - a +6 ring of intelligence
 C - a +6 ring of intelligence
 D - a +6 ring of strength (left hand)
 E - a +6 ring of strength (right hand)
 K - the ring of Tano {SustAt +Fly rElec MR-}
   (You found it in the Dungeon)

   [ring of sustain attributes]

   It sustains your strength, intelligence and dexterity.
   It insulates you from electricity.
   It affects your resistance to hostile enchantments.
   It lets you fly.
 L - a +4 ring of dexterity
 O - an uncursed ring of wizardry
Wands
 F - a wand of disintegration (7/24)
 G - a wand of iceblast (5/15)
 H - a wand of lightning (5/15)
 I - a wand of acid (5/15)
Scrolls
 k - 4 scrolls of blinking
 q - 4 scrolls of amnesia
 r - 3 scrolls of recharging
 s - 7 scrolls of fog
 u - 5 scrolls of identify
 v - 5 scrolls of remove curse
 w - 2 scrolls of fear
 Q - 4 scrolls of enchant armour
Potions
 d - 6 potions of might
 g - 9 potions of heal wounds
 h - 6 potions of haste
 i - 7 potions of magic
 j - 3 potions of berserk rage
 l - 2 potions of brilliance
 m - 2 potions of invisibility
 n - 4 potions of resistance
 p - 5 potions of agility
Books
 N - a manual of Armour
Comestibles
 f - 5 bread rations
 o - 3 royal jellies
 x - 42 fruits
 z - 3 meat rations


   Skills:
 + Level 10.6 Fighting
 - Level 19.0 Axes
 + Level 12.1 Armour
 + Level 11.4 Shields
 + Level 6.5 Invocations


You had 10 spell levels left.
You didn't know any spells.

Dungeon Overview and Level Annotations

Branches:
Dungeon (1/1)

Altars:
Ashenzari
Cheibriados
Dithmenos
Elyvilon
Fedhas
Gozag
Kikubaaqudgha
Makhleb
Nemelex Xobeh
Okawaru
Pakellas
Qazlal
Ru
Sif Muna
Trog
Vehumet
Xom
Yredelemnul
Zin
The Shining One
Beogh
Jiyva
Lugonu


Innate Abilities, Weirdness & Mutations

You are under a permanent stasis effect.
You can dig through walls and to a lower floor.
Your four strong arms can wield two-handed weapons with a shield.
You have a pair of large antennae on your head (SInv).
You are clumsy. (Dex -2)
You are dopey. (Int -2)


Message History

The golden flame engulfs the Orb Guardian.
The Orb Guardian writhes in agony!
The Orb Guardian is lightly wounded.
The golden flame engulfs the mottled draconian.
The mottled draconian writhes in agony!
The mottled draconian is lightly wounded.
The golden flame engulfs the purple draconian.
The purple draconian writhes in agony!
The purple draconian is lightly wounded.
You feel somewhat more hungry. The Orb Guardian hits you!!
* * * LOW HITPOINT WARNING * * *
You block the tentacled monstrosity's attack.
The tentacled monstrosity tentacle-slaps you.
* * * LOW HITPOINT WARNING * * *
The tentacled monstrosity tentacle-slaps you but does no damage.
The tentacled monstrosity barely misses you.
The mottled draconian hits you from afar with a glaive!
* * * LOW HITPOINT WARNING * * *
The Orb Guardian hits you!!
You die...

▓▓▓▓▓▓▓▓▓▓▓▓▓▓▓▓▓▓▓
▓...8©8...▓...8©8...▓
{
▓..}}[:...▓..}.}}...▓
▓..[}"))..▓...:..)..▓
▓.........▓.........▓
▓...d.....▓.........▓
▓..dydd...▓.........▓
▓.dXXX....▓.........▓
▓..X@.....▓.▓.....▓.▓
▓.▓.....▓.▓.........▓
▓.........▓▓▓▓▓▓▓▓▓▓▓
▓▓▓▓▓▓▓▓▓▓▓ {


{{{{ { {{{{{{{{{ { {{{{{{{{{{{{{{{{{{ {{{{{{{{{{{{{{{{{{ {{{{{ You could see a
tentacled monstrosity, a mottled draconian, 2 draconians, a purple draconian, a
red draconian, 3 Orb Guardians and a moth of wrath.

Vanquished Creatures
  A wretched star (D)
  An anubis guard (D)
  A shining eye (D)
  3 eyes of devastation (D)
  2 toenail golems (D)
  An apocalypse crab (D)
  A komodo dragon (D)
  3 guardian mummies (D)
  An ancient zyme (D)
  3 slime creatures (D)
  A flying skull (D)
  An air elemental (D)
  A yak (D)
  2 golden eyes (D)
  A basilisk (D)
  2 insubstantial wisps (D)
  2 giant eyeballs (D)
  A hell hound (D)
  A porcupine (D)
  An eye of draining (D)
  2 giant frogs (D)
  A crimson imp (D)
  7 jellies (D)
  A quasit (D)
  3 mummies (D)
  A shadow imp (D)
  5 oozes (D)
  An adder zombie (D)
  A bat skeleton (D)
  A jackal (D)
  A jackal skeleton (D)
54 creatures vanquished.

Notes
Turn   | Place    | Note
--------------------------------------------------------------
     0 | D        | Jebus the Formicid Fighter began the quest for the Orb.
     0 | D        | Reached XP level 1. HP: 18/18 MP: 1/1
     0 | D        | Found an iron altar of Okawaru.
     0 | D        | Found a burning altar of Makhleb.
     0 | D        | Found a radiant altar of Vehumet.
     0 | D        | Found a deep blue altar of Sif Muna.
     0 | D        | Found a shimmering altar of Xom.
     0 | D        | Found a bloodstained altar of Trog.
     1 | D        | Found a roughly hewn altar of Beogh.
     1 | D        | Found a viscous altar of Jiyva.
     1 | D        | Found a corrupted altar of Lugonu.
     1 | D        | Found a white marble altar of Elyvilon.
     1 | D        | Found a sparkling altar of Nemelex Xobeh.
    83 | D        | Became a worshipper of the Shining One
    97 | D        | Entered arena 1.
    97 | D        | Noticed a toenail golem
    97 | D        | Noticed a toenail golem
    98 | D        | Reached skill level 7 in Axes
    98 | D        | Reached XP level 2. HP: 24/24 MP: 2/2
   106 | D        | Killed a toenail golem
   106 | D        | Reached skill level 13 in Axes
   106 | D        | Reached XP level 3. HP: 14/29 MP: 3/3
   106 | D        | Reached XP level 4. HP: 17/35 MP: 4/4
   106 | D        | Reached XP level 5. HP: 20/41 MP: 5/5
   106 | D        | Reached XP level 6. HP: 23/47 MP: 6/6
   106 | D        | Killed a toenail golem
   106 | D        | Reached skill level 15 in Axes
   106 | D        | Reached XP level 7. HP: 26/52 MP: 7/7
   256 | D        | Got the ring of Heniciarchu {rN+ Str+4 Int+4 Dex+2 SInv}
   260 | D        | Entered arena 2.
   260 | D        | Noticed an insubstantial wisp
   260 | D        | Reached * piety under the Shining One
   260 | D        | Noticed an air elemental
   260 | D        | Noticed an insubstantial wisp
   263 | D        | Killed an insubstantial wisp
   263 | D        | Reached skill level 16 in Axes
   263 | D        | Reached XP level 8. HP: 58/58 MP: 8/8
   264 | D        | Killed an air elemental
   324 | D        | Entered arena 3.
   324 | D        | Noticed a slime creature
   324 | D        | Reached ** piety under the Shining One
   329 | D        | Reached skill level 17 in Axes
   331 | D        | Killed a slime creature
   331 | D        | Reached XP level 9. HP: 59/64 MP: 9/9
   355 | D        | Entered arena 4.
   355 | D        | Reached *** piety under the Shining One
   360 | D        | Reached **** piety under the Shining One
   385 | D        | Entered arena 5.
   385 | D        | Reached ***** piety under the Shining One
   387 | D        | Reached skill level 18 in Axes
   408 | D        | Got the ring of Tano {SustAt +Fly rElec MR-}
   469 | D        | Entered arena 6.
   469 | D        | Noticed a wretched star
   469 | D        | Noticed an ancient zyme
   469 | D        | Noticed an apocalypse crab
   471 | D        | Reached ****** piety under the Shining One
   474 | D        | Killed an apocalypse crab
   474 | D        | Reached skill level 5 in Fighting
   474 | D        | Reached skill level 5 in Armour
   474 | D        | Reached skill level 5 in Shields
   478 | D        | Killed an ancient zyme
   481 | D        | Killed a wretched star
   481 | D        | Reached XP level 10. HP: 52/71 MP: 8/8
   705 | D        | Entered arena 7.
   705 | D        | Noticed an eye of devastation
   705 | D        | Noticed an eye of devastation
   716 | D        | Killed an eye of devastation
   718 | D        | Killed an eye of devastation
   897 | D        | Entered arena 8.
   897 | D        | Noticed a komodo dragon
   912 | D        | Killed a komodo dragon
   915 | D        | Reached skill level 19 in Axes
  1207 | D        | Entered arena 9.
  1207 | D        | Noticed an anubis guard
  1212 | D        | Reached skill level 1 in Invocations
  1215 | D        | Reached skill level 10 in Shields
  1216 | D        | Reached skill level 10 in Armour
  1220 | D        | Killed an anubis guard
  1220 | D        | Reached XP level 11. HP: 82/90 MP: 12/14
  1259 | D        | Entered arena 10.
  1259 | D        | Noticed a shining eye
  1259 | D        | Gained mutation: You are dopey. (Int -2) [a shining eye]
  1266 | D        | Reached skill level 10 in Fighting
  1266 | D        | Reached skill level 5 in Invocations
  1274 | D        | Gained mutation: You are clumsy. (Dex -2) [a shining eye]
  1277 | D        | Killed a shining eye
  1507 | D        | Entered arena 11.
  1507 | D        | Noticed a yellow draconian
  1507 | D        | Noticed an Orb Guardian
  1507 | D        | Noticed a mottled draconian
  1507 | D        | Noticed an Orb Guardian
  1507 | D        | Noticed a tentacled monstrosity
  1508 | D        | Noticed an Orb Guardian
  1508 | D        | Noticed a yellow draconian
  1508 | D        | Noticed a moth of wrath
  1508 | D        | Noticed a red draconian
  1508 | D        | Noticed a purple draconian
  1512 | D        | Demolished by an Orb Guardian

Skill      XL: |  1  2  3  4  5  6  7  8  9 10 11 |
---------------+----------------------------------+-----
Axes           | 7 13 15 16 17 18 19 | 19.0
Shields        | 7 10 11 | 11.4
Fighting       | 7 9 10 | 10.6
Armour         | 7 10 12 | 12.1
Invocations    | 4 6 |  6.5

Action                   |  1- 3 |  4- 6 |  7- 9 | 10-12 || total
-------------------------+-------+-------+-------+-------++-------
Melee: Executioner's axe |     8 |       |    28 |    40 ||    76
Invok: Cleansing Flame   |       |       |       |     3 ||     3
  Use: Potion            |     1 |       |       |    11 ||    12
       Scroll            |       |       |     1 |       ||     1
  Eat: Meat ration       |       |       |       |     1 ||     1
Armor: Fire dragon armou |     9 |       |     5 |    50 ||    64
Dodge: Dodged            |     7 |       |    14 |    24 ||    45
Block: Buckler           |     3 |       |    15 |    23 ||    41
